 Dungeon Crawl Stone Soup version 0.28.0-45-g0d030f2227 (webtiles) character file.

Game seed: 7251361831115157251

1593 sanboga the Ruffian (level 8, -1/124 HPs)
             Began as a Troll Berserker on Apr 4, 2022.
             Was an Elder of Trog.
             Slain by a gnoll
             ... wielding a +2 spear of flaming
              (4 damage)
             ... on level 6 of the Dungeon.
             The game lasted 00:05:04 (4975 turns).

sanboga the Ruffian (Troll Berserker)               Turns: 4975, Time: 00:05:05

Health: -1/124     AC:  4    Str: 28    XL:     8   Next: 61%
Magic:  0/7        EV: 11    Int:  3    God:    Trog [****..]
Gold:   275        SH:  0    Dex:  9    Spells: 7/7 levels left

rFire   + . .      SeeInvis .     - Unarmed
rCold   + . .      Faith    .   (no shield)
rNeg    . . .      Spirit   +   a - +0 animal skin
rPois   .          Reflect  .   (helmet restricted)
rElec   .          Harm     .   p - scarf {rC+ rF+}
rCorr   .          Rampage  .   (gloves unavailable)
Will    +....                   (boots unavailable)
Stlth   ..........              o - amulet of guardian spirit
HPRegen 1.10/turn               n - ring of willpower
MPRegen 0.10/turn               (no ring)

@: berserking, very quick
A: large, unfitting armour, claws 3, regeneration 1, shaggy fur 1, tough skin 1
a: Renounce Religion, Berserk, Trog's Hand, Brothers in Arms


You were on level 6 of the Dungeon.
You worshipped Trog.
Trog was greatly pleased with you.
You visited 1 branch of the dungeon, and saw 6 of its levels.

You collected 275 gold pieces.

Inventory:

Armour
 a - a +0 animal skin (worn)
 p - a scarf of resistance (worn)
Jewellery
 n - a ring of willpower (left claw)
 o - an amulet of guardian spirit (around neck)
 u - a +6 ring of dexterity
Wands
 s - a wand of flame (14)
Scrolls
 b - 5 scrolls of teleportation {unknown}
 d - a scroll of enchant weapon {unknown}
 e - a scroll of summoning
 j - a scroll of immolation {unknown}
 k - a scroll of magic mapping {unknown}
 l - 4 scrolls of identify {unknown}
 q - a scroll of amnesia {unknown}
 t - 2 scrolls of blinking {unknown}
 v - a scroll of enchant armour {unknown}
Potions
 c - 2 potions of degeneration {unknown}
 f - a potion of magic {unknown}
 g - a potion of heal wounds {unknown}
 h - a potion of cancellation {unknown}
 i - 2 potions of might {unknown}
 m - a potion of haste {unknown}
 r - a potion of brilliance {unknown}


   Skills:
 + Level 5.8 Fighting
 + Level 5.8 Dodging
 + Level 6.9 Unarmed Combat


You had 7 spell levels left.
You didn't know any spells.
Your spell library was empty.

Dungeon Overview and Level Annotations

Branches:
Dungeon (6/15)             Temple (0/1) D:6

Altars:
Ashenzari
Dithmenos
Elyvilon
Gozag
Hepliaklqana
Makhleb
Okawaru


Innate Abilities, Weirdness & Mutations

You are too large for most types of armour.
You have claws for hands.
Your natural rate of healing is unusually fast.
You are covered in fur. (AC +1)
You have tough skin. (AC +1)


Message History

The gnoll sergeant is lightly wounded.
The gnoll sergeant hits you with a +2 vampiric trident!
You hear some strange, mumbled words.
A magic dart appears from out of thin air!
The magic dart hits you!
The gnoll hits you with a +2 spear of flaming.
The gnoll burns you.
The gnoll hits you from afar with a +0 spear!
The gnoll hits you with a +0 spear.
* * * LOW HITPOINT WARNING * * *
You are too injured to fight recklessly!
You are too injured to fight recklessly!
You are too injured to fight recklessly!
You are too injured to fight recklessly!
You are too injured to fight recklessly!
You are too injured to fight recklessly!
You are too injured to fight recklessly!
A red film seems to cover your vision as you go berserk!
You feel yourself moving faster!
You feel mighty!
The gnoll sergeant hits you with a +2 vampiric trident!
* * * LOW HITPOINT WARNING * * *
The gnoll sergeant draws strength from your wounds!
The gnoll hits you with a +2 flail of protection!
* * * LOW HITPOINT WARNING * * *
Something hits you but does no damage.
The gnoll hits you with a +2 spear of flaming.
* * * LOW HITPOINT WARNING * * *
The gnoll hits you from afar with a +0 spear.
* * * LOW HITPOINT WARNING * * *
The gnoll hits you with a +0 spear.
* * * LOW HITPOINT WARNING * * *
You mangle the gnoll sergeant!!
The gnoll sergeant is severely wounded.
The gnoll closely misses you.
The gnoll sergeant hits you with a +2 vampiric trident.
* * * LOW HITPOINT WARNING * * *
The gnoll sergeant draws strength from your wounds!
Something hits you but does no damage.
The gnoll hits you with a +2 spear of flaming.
You die...

#........#.........
#........#.........
#........#.........
#........+.........
#......$##...........
#.......##............
#.......)'............#
#.....){##...##...>...#
#.....g@##...##.......#
#....gggg.............##
#.......##..............
#.......##..............
#.......#...............
#.......#.............##
#.......#.............##
#...>...#######.........
..#####......


You could see a gnoll sergeant and 4 gnolls.

Vanquished Creatures
  2 steam dragons
  Menkaure (D:4)
  2 sky beasts
  An ogre (D:4)
  A black bear (D:5)
  An orc warrior (D:5)
  A necrophage (D:5)
  2 centaurs
  A bullfrog zombie (D:6)
  2 hounds
  A centaur skeleton (D:5)
  An iguana (D:5)
  An orc wizard (D:6)
  A killer bee zombie (D:4)
  A hound zombie (D:5)
  A hound skeleton (D:4)
  9 gnolls
  A howler monkey skeleton (D:5)
  8 adders
  2 white imps
  2 ufetubi
  2 worms (D:5)
  3 dart slugs
  5 orcs
  6 endoplasms
  15 giant cockroaches
  8 goblins
  7 hobgoblins
  5 jackals
  3 quokkas
  7 ball pythons
  4 bats
  5 frilled lizards
  11 kobolds
  A quokka skeleton (D:4)
  4 rats
128 creatures vanquished.

Notes
Turn   | Place    | Note
-------+----------+-------------------------------------------
     0 | D:1      | sanboga the Troll Berserker began the quest for the Orb.
     0 | D:1      | Reached XP level 1. HP: 22/22 MP: 0/0
    89 | D:1      | Reached XP level 2. HP: 18/29 MP: 1/1
   288 | D:1      | Noticed a shining eye
   289 | D:1      | Found a faded altar of an unknown god.
   291 | D:1      | Noticed an eye of devastation
   291 | D:1      | Noticed a floating eye
   291 | D:1      | Noticed a great orb of eyes
   661 | D:2      | Reached XP level 3. HP: 37/37 MP: 2/2
   841 | D:2      | Reached XP level 4. HP: 45/45 MP: 3/3
   842 | D:2      | Reached ** piety under Trog
   849 | D:2      | You fall into a shaft and drop 1 floor!
  1287 | D:2      | Reached skill level 4 in Unarmed Combat
  1356 | D:2      | Reached XP level 5. HP: 51/53 MP: 4/4
  1989 | D:3      | Found a burning altar of Makhleb.
  1989 | D:3      | Found a broken altar of Ashenzari.
  2462 | D:3      | Found an iron altar of Okawaru.
  2469 | D:3      | Reached *** piety under Trog
  2617 | D:4      | Noticed a steam dragon
  2623 | D:4      | Killed a steam dragon
  2624 | D:4      | Reached XP level 6. HP: 62/62 MP: 5/5
  2877 | D:4      | Found an opulent altar of Gozag.
  3069 | D:4      | Reached skill level 5 in Unarmed Combat
  3148 | D:4      | Found a white marble altar of Elyvilon.
  3336 | D:4      | Noticed Menkaure
  3343 | D:4      | Killed Menkaure
  3344 | D:4      | Reached XP level 7. HP: 9/71 MP: 0/6
  3637 | D:5      | Entered Level 5 of the Dungeon
  3696 | D:5      | Found a hazy altar of Hepliaklqana.
  3907 | D:5      | Noticed a steam dragon
  3919 | D:5      | Killed a steam dragon
  4088 | D:5      | Reached skill level 5 in Fighting
  4088 | D:5      | Reached skill level 5 in Dodging
  4088 | D:5      | Reached skill level 6 in Unarmed Combat
  4095 | D:5      | Reached XP level 8. HP: 71/80 MP: 4/7
  4698 | D:6      | Found a shadowy altar of Dithmenos.
  4871 | D:6      | Found a staircase to the Ecumenical Temple.
  4961 | D:6      | Reached **** piety under Trog
  4975 | D:6      | HP: 3/124 [gnoll sergeant/+2 vampiric trident (6)]
  4975 | D:6      | Slain by a gnoll

Illustrated notes

Levels and vault maps discovered:
D:1:      heliophobic_arrival_glass_houses, layout_rooms,
          hellmonk_ecumenical_altar_watching_god, minmay_tall_x
D:2:      minmay_roachtagon, layout_basic, st_stairs_13
D:3:      layout_basic, okawaru_altar_gauntlet_db,
          chequers_temple_overflow_statue_of_worship, interstate_on_off
D:4:      layout_gridville, kennysheep_little_box, mainiacjoe_overflow_paths,
          uniq_menkaure
D:5:      minmay_recursive_quarters, layout_cave_pods, lemuel_round_altar
D:6:      layout_gridville, grunt_dithmenos_smoke_and_mirrors, kennysheep_mini,
          minmay_temple_entry_enclosed_plants, chequers_serial_rivers_marsh,
          chequers_decorated_corner

Skill      XL: |  1  2  3  4  5  6  7 |
---------------+----------------------+-----
Fighting       | 3 4 5 |  5.8
Dodging        | 3 4 5 |  5.8
Unarmed Combat | 4 5 6 |  6.9

Action                   |  1- 3 |  4- 6 |  7- 9 || total
-------------------------+-------+-------+-------++-------
Melee: Unarmed           |    72 |   155 |   100 ||   327
       Punch             |     1 |     5 |     1 ||     7
Invok: Berserk           |       |     1 |     2 ||     3
  Use: Scroll            |       |     1 |       ||     1
 Stab: Sleeping          |       |     1 |     1 ||     2
Armor: Animal skin       |    22 |    44 |    31 ||    97
Dodge: Dodged            |    23 |   100 |    66 ||   189
